 Dungeon Crawl Stone Soup version 0.21.1-1-g345015fe64 (webtiles) character file.

250 barcollo the Chucker (level 5, -1/73 HPs)
             Began as a Troll Hunter on June 2, 2018.
             Succumbed to an orc wizard's poison
             ... on level 3 of the Dungeon on June 7, 2018.
             The game lasted 00:29:18 (2910 turns).

barcollo the Chucker (Troll Hunter)                 Turns: 2910, Time: 00:29:19

Health: -1/73      AC:  5    Str: 25    XL:     5   Next: 88%
Magic:  4/4        EV: 10    Int:  7    God:
Gold:   125        SH:  0    Dex: 11    Spells: 4/4 levels left

rFire    . . .     SeeInvis .   (no weapon)
rCold    . . .     Gourm    +   (no shield)
rNeg     . . .     Faith    .   b - +0 robe
rPois    .         Spirit   .   (helmet restricted)
rElec    .         Reflect  .   (no cloak)
rCorr    .         Harm     .   (gloves unavailable)
MR       +....                  (boots unavailable)
Stlth    ..........             (no amulet)
HPRegen  0.62/turn              e - ring of protection from magic
MPRegen  0.09/turn              (no ring)

@: confused, berserking (expiring), lethally poisoned (-1 -> -25), drained, very
quick
A: large, unfitting armour, claws 3, fast metabolism 3, gourmand, regeneration
1, shaggy fur 1, tough skin 2
a: no special abilities


You were on level 3 of the Dungeon.
You were hungry.

You visited 1 branch of the dungeon, and saw 3 of its levels.

You collected 125 gold pieces.

Inventory:

Hand Weapons
 a - a +0 short sword
Armour
 b - a +0 robe (worn)
Jewellery
 e - a ring of protection from magic (left claw)
 k - a cursed ring of loudness {unknown}
 n - a cursed ring of loudness {unknown}
Scrolls
 d - 2 scrolls of fog {unknown}
 i - 2 scrolls of blinking {unknown}
 j - a scroll of identify
 l - a scroll of remove curse {unknown}
 m - a scroll of random uselessness {unknown}
 o - a scroll of noise {unknown}
 q - a scroll of teleportation {unknown}
Potions
 g - a potion of berserk rage
 h - 2 potions of brilliance {unknown}
 p - a potion of cancellation {unknown}
 r - a potion of curing {unknown}
Comestibles
 f - 2 rations


   Skills:
 + Level 2.2(1.9) Fighting
 + Level 1.4(1.1) Short Blades
 + Level 5.1(4.8) Throwing
 + Level 2.4(2.1) Dodging
 + Level 1.0(0.7) Stealth
 + Level 0.7(0.4) Unarmed Combat


You had 4 spell levels left.
You didn't know any spells.

Dungeon Overview and Level Annotations

Branches:
Dungeon (3/15)

Altars:


Innate Abilities, Weirdness & Mutations

You are too large for most types of armour.
You have claws for hands.
Your metabolism is lightning-fast.
You like to eat raw meat.
Your natural rate of healing is unusually fast.
You are covered in fur. (AC +1)
You have very tough skin. (AC +2)


Message History

Something hits you but does no damage.
You are more poisoned.
You are too berserk!
You bump into the rock wall.
You feel a strong urge to attack something.
* * * LOW HITPOINT WARNING * * *
You feel very sick.
You hear some strange, mumbled words.
A magic dart appears from out of thin air!
The magic dart hits you!
* * * LOW HITPOINT WARNING * * *
There are no items here.
You are too berserk!
You are too berserk!
* * * LOW HITPOINT WARNING * * *
You feel sick.
You closely miss something.
* * * LOW HITPOINT WARNING * * *
You feel sick. Something hits you but does no damage.
You die...

.... ...# ..# ..#
.######.## #####
......... .... ..#
........#####.#
...#
......(@.{....#
...#
.........)....#
....
........#####?##...
........# ##..#'##
........# #......#
...####.# #......#
... #.# #..)...#
...####.####......#
#...............#


There were no monsters in sight!

Vanquished Creatures
  An ogre (D:2)
  An orc wizard (D:3)
  Jessica (D:2)
  4 adders
  An ooze (D:2)
  2 worms (D:2)
  2 dart slugs (D:2)
  2 leopard geckos
  2 orcs (D:3)
  A ball python (D:1)
  A giant cockroach (D:1)
  6 goblins
  6 hobgoblins
  4 jackals (D:1)
  6 kobolds
  A quokka (D:2)
  9 bats
  5 frilled lizards
  4 rats
59 creatures vanquished.

Notes
Turn   | Place    | Note
-------+----------+-------------------------------------------
     0 | D:1      | barcollo the Troll Hunter began the quest for the Orb.
     0 | D:1      | Reached XP level 1. HP: 19/19 MP: 0/0
   176 | D:1      | Reached skill level 4 in Throwing
   176 | D:1      | Reached XP level 2. HP: 27/27 MP: 1/1
   604 | D:1      | Reached XP level 3. HP: 35/35 MP: 2/2
  2155 | D:2      | Noticed an ogre
  2158 | D:2      | Killed an ogre
  2158 | D:2      | Reached skill level 1 in Short Blades
  2158 | D:2      | Reached XP level 4. HP: 42/42 MP: 3/3
  2158 | D:2      | Reached XP level 5. HP: 49/49 MP: 4/4
  2293 | D:2      | Noticed Jessica
  2294 | D:2      | Killed Jessica
  2328 | D:2      | Reached skill level 5 in Throwing
  2723 | D:3      | Reached skill level 1 in Stealth
  2908 | D:3      | HP: 3/73 [poisoned by an orc wizard]
  2909 | D:3      | HP: 1/73 [poisoned by an orc wizard]
  2910 | D:3      | Succumbed to an orc wizard's poison

Skill      XL: |  1  2  3  4  5 |
---------------+----------------+-----
Throwing       | 4 5 |  5.1
Dodging        | 2 |  2.4
Fighting       | 2 |  2.2
Short Blades   | 1 |  1.4
Stealth        | 1 |  1.0
Unarmed Combat | |  0.7

Action                   |  1- 3 |  4- 6 || total
-------------------------+-------+-------++-------
Melee: Short sword       |    56 |       ||    56
       Unarmed           |     5 |    50 ||    55
Throw: Large rock        |    39 |    21 ||    60
       Throwing net      |     2 |       ||     2
  Use: Scroll            |       |     1 ||     1
       Potion            |       |     1 ||     1
 Stab: Sleeping          |       |     1 ||     1
  Eat: Chunk             |    19 |     1 ||    20
       Ration            |     1 |       ||     1
Armor: Robe              |    52 |    32 ||    84
Dodge: Dodged            |    72 |    27 ||    99
